 Dungeon Crawl Stone Soup version 0.23-a0-449-g8e4cbf7b70 (webtiles) character file.

95 LLavrengius the Chopper (level 4, -1/40 HPs)
             Began as a Hill Orc Monk on Nov 21, 2018.
             Killed by divine providence
             ... invoked by an orc priest
              (13 damage)
             ... on level 3 of the Dungeon.
             The game lasted 00:05:10 (2210 turns).

LLavrengius the Chopper (Hill Orc Monk)             Turns: 2210, Time: 00:05:10

Health: -1/40      AC:  6    Str: 14    XL:     4   Next: 65%
Magic:  4/4        EV: 11    Int: 10    God:
Gold:   96         SH:  0    Dex: 13    Spells: 3/3 levels left

rFire    . . .     SeeInvis .   a - +0 hand axe
rCold    . . .     Gourm    .   (no shield)
rNeg     . . .     Faith    .   f - +0 ring mail (curse)
rPois    .         Spirit   .   (no helmet)
rElec    .         Reflect  .   (no cloak)
rCorr    .         Harm     .   m - +0 pair of gloves
MR       .....                  (no boots)
Stlth    +.........             (no amulet)
HPRegen  0.13/turn              (no ring)
MPRegen  0.09/turn              (no ring)

@: no status effects
A: no striking features
a: Convert to Beogh


You were on level 3 of the Dungeon.
You were not hungry.

You visited 1 branch of the dungeon, and saw 3 of its levels.

You collected 96 gold pieces.

Inventory:

Hand Weapons
 a - a +0 hand axe (weapon)
 g - a cursed -1 short sword
Armour
 f - a cursed +0 ring mail (worn)
 m - a +0 pair of gloves (worn)
Jewellery
 b - a +1 ring of protection {unknown}
 n - an uncursed ring of magical power {unknown}
 p - a +3 ring of strength {unknown}
Wands
 r - a wand of random effects (16)
Scrolls
 h - 2 scrolls of identify {unknown}
 k - a scroll of enchant armour {unknown}
 s - a scroll of teleportation {unknown}
 t - a scroll of amnesia {unknown}
Potions
 d - a potion of curing {unknown}
 e - a potion of mutation {unknown}
 i - 2 potions of ambrosia {unknown}
 j - 2 potions of invisibility {unknown}
 l - a potion of flight {unknown}
 o - 2 potions of degeneration {unknown}
Comestibles
 c - a ration
 q - a chunk of flesh


   Skills:
 - Level 3.6 Fighting
 + Level 6.9 Axes
 - Level 2.4 Dodging
 - Level 1.5 Stealth


You had 3 spell levels left.
You didn't know any spells.
Your spell library was empty.

Dungeon Overview and Level Annotations

Branches:
Dungeon (3/15)

Altars:
Gozag
Xom


Message History

The orc hits you but does no damage.
You barely miss the orc.
The orc is lightly wounded.
The orc barely misses you.
The orc priest invokes the aid of Beogh against you.
Beogh smites you!
You slash the orc!
You kill the orc!
The orc priest shouts, "Beogh is our master!
Accept the truth or die!"
The orc priest mumbles some strange prayers to Beogh against you.
Pain shoots through your body!
The orc throws a tomahawk.
The tomahawk misses you.
You see here a tomahawk.
The orc priest mumbles some strange prayers to Beogh against you.
Pain shoots through your body!
* * * LOW HITPOINT WARNING * * *
You see here an adder corpse.
The orc priest invokes the aid of Beogh against you.
Beogh smites you!
You die...

# . ..
###################.######## ...
...........................
....#...#.##..##..#..#.##.#.#.#
........#..#..##..#..#.##.#.#.#
........#..#..##..#..#.##.#.#.#
.......<#..#..##..#..#.##.#รท#.#
..............@...oo.#.##.#.#.#
........#..##.##..##(#.##.#.#.#
.#..#...#..##.##..##....o......
... #.........##.....#.##.###.#
.. ............................
. .........#####..####.........
........... ....# ##########
#..######.# ###### #.#


You could see an orc priest and an orc.

Vanquished Creatures
  3 adders
  An ooze (D:1)
  A worm (D:2)
  2 dart slugs
  4 leopard geckos
  2 orcs (D:3)
  2 giant cockroaches
  8 goblins
  7 hobgoblins
  2 quokkas (D:2)
  A ball python (D:2)
  7 bats
  3 kobolds (D:1)
  4 rats
47 creatures vanquished.

Notes
Turn   | Place    | Note
-------+----------+-------------------------------------------
     0 | D:1      | LLavrengius the Hill Orc Monk began the quest for the Orb.
     0 | D:1      | Reached XP level 1. HP: 19/19 MP: 1/1
   431 | D:1      | Reached XP level 2. HP: 20/27 MP: 2/2
   520 | D:1      | Reached skill level 5 in Axes
   776 | D:1      | Reached XP level 3. HP: 29/33 MP: 3/3
  1428 | D:2      | Reached skill level 6 in Axes
  1558 | D:2      | Reached XP level 4. HP: 38/40 MP: 4/4
  1643 | D:2      | Found an opulent altar of Gozag.
  1878 | D:2      | Found a shimmering altar of Xom.
  2210 | D:3      | Killed from afar by an orc priest

Vault maps used:
D:1:      co_arrival_random_square_maze, minmay_indecisive_spiral
D:2:      xom_butterflies, nicolae_overflow_crystal_walls,
          minmay_misc_feat_alley, kennysheep_generic_room_3
D:3:      kb_forest_paths, chequers_ecumenical_altar_twisty

Skill      XL: |  1  2  3 |
---------------+----------+-----
Axes           | 5 6 |  6.9
Fighting       | |  3.6
Dodging        | |  2.4
Stealth        | |  1.5

Action                   |  1- 3 |  4- 6 || total
-------------------------+-------+-------++-------
Melee: Hand axe          |   125 |    63 ||   188
 Stab: Sleeping          |     1 |     1 ||     2
  Eat: Ration            |     1 |       ||     1
       Chunk             |       |     1 ||     1
Armor: Robe              |    10 |       ||    10
       Ring mail         |    32 |    22 ||    54
Dodge: Dodged            |    92 |    22 ||   114

Table legend:
 A = Non-vault XP
 B = Vault XP
 C = Vault XP percentage of total XP
 D = Non-vault monster count
 E = Vault monster count
 F = Vault count percentage of total count
                 A         B        C        D         E       F
            +---------+---------+-------+---------+---------+-------
      Total |     127 |       9 |   6.6 |      42 |       5 |  10.6
            +---------+---------+-------+---------+---------+-------
        D:1 |      49 |       6 |  10.9 |      23 |       4 |  14.8
        D:2 |      57 |       3 |   5.0 |      15 |       1 |   6.2
        D:3 |      21 |       0 |   0.0 |       4 |       0 |   0.0
            +---------+---------+-------+---------+---------+-------
